 Dungeon Crawl Stone Soup version 0.19-a0-1223-gf83d13a (webtiles) character file.

1185 PurpleRed the Destroyer (level 8, -10/41 HPs)
             Began as a Deep Elf Conjurer on Aug 24, 2016.
             Was an Initiate of Vehumet.
             Killed by miscasting Iskenderun's Battlesphere (16 damage)
             ... on level 8 of the Dungeon.
             The game lasted 00:15:45 (1613 turns).

PurpleRed the Destroyer (Deep Elf Conjurer)         Turns: 1613, Time: 00:15:46

Health: -10/41     AC:  5    Str:  5    XL:     8   Next: 19%
Magic:  9/18       EV: 13    Int: 21    God:    Vehumet [......]
Gold:   98         SH:  0    Dex: 13    Spells: 4 memorised, 9 levels left

rFire  . . .     SeeInvis .     t - +1 dagger (venom)
rCold  . . .     Gourm    .     a - +0 robe
rNeg   . . .     Faith    .     (no shield)
rPois  +         Spirit   .     j - +2 helmet
rElec  .         Dismiss  .     (no cloak)
rCorr  .         Reflect  .     (no gloves)
MR     .....     Harm     .     (no boots)
Stlth  ++........               (no amulet)
                                (no ring)
                                (no ring)

@: very slightly contaminated
A: clumsy 1, dopey 1, low mp 1, poison resistance, screaming 1
a: Renounce Religion


You were on level 8 of the Dungeon.
You worshipped Vehumet.
Vehumet was noncommittal.
You were not hungry.

You visited 2 branches of the dungeon, and saw 9 of its levels.

You collected 234 gold pieces.
You spent 136 gold pieces at shops.

Inventory:

Hand Weapons
 n - a +1 falchion
 t - a +1 dagger of venom (weapon)
Armour
 a - a +0 robe (worn)
 j - a +2 helmet (worn)
 r - a +2 leather armour of fire resistance
 v - a +0 shield
Wands
 i - a wand of polymorph (11/24)
 m - a wand of digging (15/24)
Scrolls
 e - 2 scrolls of teleportation
 h - a scroll of amnesia {unknown}
 s - a scroll of summoning {unknown}
Potions
 d - 4 potions of lignification
 f - 2 potions of haste
 g - 3 potions of curing
 p - a potion of heal wounds
Books
 b - a book of Conjurations

   Spells                             Type                      Level
   a - Magic Dart                     Conjuration                  1
   b - Searing Ray                    Conjuration                  2
   c - Dazzling Spray                 Conjuration/Hexes            3
   d - Fulminant Prism                Conjuration/Hexes            4
   e - Iskenderun's Mystic Blast      Conjuration                  4
   f - Iskenderun's Battlesphere      Conjuration/Charms           5
Comestibles
 c - 4 bread rations
 k - 3 fruits
 l - a slice of pizza
 o - a beef jerky
 u - 2 meat rations


   Skills:
 - Level 2.4 Dodging
 - Level 2.4 Stealth
 + Level 7.1 Spellcasting
 * Level 9.1 Conjurations
 + Level 5.9 Charms


You had 9 spell levels left.
You knew the following spells:

 Your Spells              Type           Power        Failure   Level  Hunger
a - Magic Dart            Conj           ####         1%          1    None
b - Searing Ray           Conj           #####.       1%          2    None
c - Iskenderun's Mystic   Conj           #####...     2%          4    ###....
d - Iskenderun's Battles  Conj/Chrm      #####...     14%         5    #####..


Dungeon Overview and Level Annotations

Branches:
Dungeon (8/15)             Temple (1/1) D:5
   Lair: D:8-11

Altars:
Cheibriados
Dithmenos
Elyvilon
Fedhas
Nemelex Xobeh
Okawaru
Qazlal
Trog
Vehumet
Xom
Yredelemnul
Zin
The Shining One

Shops:
D:4 ?*!

Annotations:
D:3 Brocelonius's ghost, weakling DDFi
D:4 Edmund
D:8 Psyche


Innate Abilities, Weirdness & Mutations

You are clumsy. (Dex -2)
You are dopey. (Int -2)
Your magical capacity is low. (-10% MP)
Your system is resistant to poisons. (rPois)
You occasionally shout uncontrollably at your foes.


Message History

Psyche zaps a wand.
You easily resist.
It is a wand of enslavement.
Casting: Magic Dart
Confirm with . or Enter, or press ? or * to list all spells.
Aiming: Magic Dart
Press: ? - help, Shift-Dir - straight line, f/p - Psyche
Aim: Psyche, wielding a dagger of chaos, wearing a robe and carrying a wand of enslavement {zapped: 1} (moderately wounded)
The magic dart hits Psyche.
Psyche is heavily wounded.
Your battlesphere wavers and loses cohesion.
Psyche gestures at you while chanting. The puff of flame hits you!
* * * LOW HITPOINT WARNING * * *
Psyche zaps a wand.
You easily resist.
Unknown command.
Casting: Magic Dart
Confirm with . or Enter, or press ? or * to list all spells.
You miscast Iskenderun's Battlesphere.
You are very lightly contaminated with residual magic.
Energy rips through your body!
You die...

#### ######....
#############.§.......
........†...'....@....
########.####.......#
#.# #.@)....# #.#
#.......# #.#
#.......# #.#
#......$# ###'##
#.......# #....#
######### #....#
#....# ####....#


You could see Psyche.

Vanquished Creatures
  Eustachio (D:4)
  A hippogriff (D:7)
  2 sky beasts (D:5)
  3 ogres
  A giant frog (D:8)
  A scorpion (D:4)
  A centaur zombie (D:7)
  An orc priest (D:4)
  A giant frog skeleton (D:4)
  A jelly (D:3)
  2 orc wizards (D:4)
  Natasha (D:4)
  2 worker ants (D:4)
  4 adders
  A worm (D:4)
  3 dart slugs
  3 giant geckos
  14 orcs
  A bat (D:1)
  2 giant cockroaches
  8 goblins
  6 hobgoblins
  2 kobolds
  4 quokkas
  A giant gecko skeleton (D:4)
  4 giant newts
  A rat (D:2)
72 creatures vanquished.

Notes
Turn   | Place    | Note
-------+----------+-------------------------------------------
     0 | D:1      | PurpleRed the Deep Elf Conjurer began the quest for the Orb.
     0 | D:1      | Reached XP level 1. HP: 10/10 MP: 6/6
    71 | D:2      | Reached XP level 2. HP: 15/15 MP: 4/8
    75 | D:2      | Learned a level 2 spell: Searing Ray
   107 | D:1      | Reached skill level 5 in Conjurations
   158 | D:2      | Reached XP level 3. HP: 18/19 MP: 7/10
   250 | D:3      | Noticed Brocelonius's ghost (weakling DDFi)
   315 | D:4      | Noticed a scorpion
   319 | D:4      | Killed a scorpion
   319 | D:4      | Reached XP level 4. HP: 11/24 MP: 6/12
   338 | D:4      | Reached skill level 6 in Conjurations
   340 | D:4      | Noticed Eustachio
   370 | D:3      | Found a glowing golden altar of the Shining One.
   370 | D:3      | Found a glowing silver altar of Zin.
   370 | D:3      | Found a white marble altar of Elyvilon.
   475 | D:3      | Reached XP level 5. HP: 8/28 MP: 3/14
   484 | D:3      | Learned a level 4 spell: Iskenderun's Mystic Blast
   490 | D:3      | Learned a level 5 spell: Iskenderun's Battlesphere
   583 | D:4      | Noticed an ogre
   584 | D:4      | Found Gat Vuom's General Store.
   610 | D:4      | Found a shadowy altar of Dithmenos.
   624 | D:4      | Reached skill level 1 in Charms
   627 | D:4      | Reached skill level 5 in Spellcasting
   698 | D:4      | Killed an ogre
   698 | D:4      | Reached skill level 7 in Conjurations
   698 | D:4      | Reached XP level 6. HP: 17/32 MP: 9/15
   710 | D:4      | Killed Eustachio
   826 | D:4      | Reached XP level 7. HP: 26/36 MP: 6/17
   833 | D:4      | Found Xyrus's Magic Scroll Shoppe.
   833 | D:4      | Noticed Edmund
   841 | D:5      | Entered Level 5 of the Dungeon
   878 | D:4      | Bought a scroll of identify for 22 gold pieces
   878 | D:4      | Bought a scroll of identify for 22 gold pieces
   878 | D:4      | Bought a scroll of identify for 22 gold pieces
   947 | D:4      | Noticed Natasha
   953 | D:4      | Killed Natasha
   970 | D:4      | Reached skill level 8 in Conjurations
   972 | D:4      | Found Xois's Distillery.
   985 | D:4      | Bought a potion of heal wounds for 70 gold pieces
   986 | D:4      | Gained mutation: Your magical capacity is low. (-10% MP) [potion of mutation]
   986 | D:4      | Gained mutation: Your system is resistant to poisons. (rPois) [potion of mutation]
   987 | D:4      | Gained mutation: You have large cloven feet. [potion of mutation]
   987 | D:4      | Gained mutation: You occasionally shout uncontrollably at your foes. [potion of mutation]
   987 | D:4      | Gained mutation: You are clumsy. (Dex -2) [potion of mutation]
  1105 | D:5      | Found a staircase to the Ecumenical Temple.
  1131 | D:5      | Lost mutation: You have large cloven feet. [mutagenic meat]
  1137 | D:5      | Gained mutation: You are dopey. (Int -2) [mutagenic meat]
  1138 | Temple   | Entered the Ecumenical Temple
  1172 | Temple   | Became a worshipper of Vehumet
  1310 | D:7      | Noticed a hippogriff
  1330 | D:7      | Killed a hippogriff
  1330 | D:7      | Reached skill level 5 in Charms
  1357 | D:7      | Reached XP level 8. HP: 31/41 MP: 4/18
  1369 | D:7      | Reached skill level 9 in Conjurations
  1609 | D:8      | Noticed Psyche
  1613 | D:8      | Killed by miscasting Iskenderun's Battlesphere

Vault maps used:
D:1:      onia_arrival_mini_spirals, nrook_uturn
D:2:      first_bread, uniq_crazy_yiuf_cottage
D:3:      good_gods_mini_temple
D:4:      grunt_dithmenos_smoke_and_mirrors, serial_shops, shop,
          nicolae_shop_stone, shop, uniq_natasha, uniq_eustachio, uniq_edmund
D:5:      grunt_decor_fettered, uniq_duvessa
D:6:      kennysheep_housing_project, grunt_temple_overflow_open
D:7:      corexii_shack_village, serial_shops, nicolae_shop_stone,
          grunt_livestock, corexii_item_surrounded_by_moat
D:8:      nicolae_ru_path_of_blood, uniq_psyche
Temple:   oiseaux_autumnal_temple

Skill      XL: |  1  2  3  4  5  6  7  8 |
---------------+-------------------------+-----
Conjurations   | 5 6 7 8 9 |  9.1
Spellcasting   | 4 5 6 7 |  7.1
Charms         | 2 4 5 |  5.9
Dodging        | |  2.4
Stealth        | |  2.4

Action                   |  1- 3 |  4- 6 |  7- 9 || total
-------------------------+-------+-------+-------++-------
Melee: Dagger            |     4 |       |    10 ||    14
       Falchion          |       |    18 |    39 ||    57
 Cast: Magic Dart        |    19 |    27 |    28 ||    74
       Searing Ray       |     4 |    11 |    12 ||    27
       Iskenderun's Batt |       |       |     2 ||     2
  Use: Scroll            |       |     4 |     4 ||     8
       Potion            |       |     1 |     3 ||     4
 Stab: Sleeping          |     3 |       |     3 ||     6
  Eat: Chunk             |       |     1 |     7 ||     8
Armor: Robe              |     1 |     7 |    17 ||    25
Dodge: Dodged            |     9 |    18 |    35 ||    62
